 Dungeon Crawl Stone Soup version 0.24.0-37-gcf1ca852f1 (webtiles) character file.

Game seed: 18161482560416754457, levelgen mode: deterministic

157 Gruesph the Chopper (level 5, -3/46 HPs)
             Began as a Deep Dwarf Fighter on Nov 28, 2019.
             Slain by an orc warrior
             ... wielding a +0 long sword
              (14 damage)
             ... on level 2 of the Dungeon.
             The game lasted 00:05:40 (1335 turns).

Gruesph the Chopper (Deep Dwarf Fighter)            Turns: 1335, Time: 00:05:41

Health: -3/46      AC:  6    Str: 21    XL:     5   Next: 15%
Magic:  4/4        EV:  7    Int:  8    God:
Gold:   70         SH:  9    Dex: 12    Spells: 4/4 levels left

rFire    . . .     SeeInvis .   a - +0 war axe
rCold    . . .     Gourm    .   c - +0 shield
rNeg     . . .     Faith    .   b - +0 scale mail
rPois    .         Spirit   .   (no helmet)
rElec    .         Reflect  .   (no cloak)
rCorr    .         Harm     .   (no gloves)
MR       .....                  (no boots)
Stlth    ..........             (no amulet)
HPRegen  0.00/turn              (no ring)
MPRegen  0.09/turn              (no ring)

@: non-regenerating
A: damage resistance, heal wounds, sense surroundings 1, no regeneration
a: Heal Wounds


You were on level 2 of the Dungeon.
You were not hungry.

You visited 1 branch of the dungeon, and saw 3 of its levels.

You collected 70 gold pieces.

Inventory:

Hand Weapons
 a - a +0 war axe (weapon)
Missiles
 i - 82 stones (quivered)
Armour
 b - a +0 scale mail (worn)
 c - a +0 shield (worn)
Jewellery
 r - an uncursed ring of resist corrosion {unknown}
Scrolls
 j - a scroll of immolation {unknown}
 l - a scroll of enchant armour {unknown}
 m - a scroll of random uselessness {unknown}
 n - a scroll of fear {unknown}
 p - 2 scrolls of amnesia {unknown}
 q - a scroll of identify {unknown}
Potions
 d - a potion of might
 e - a potion of lignification {unknown}
 g - a potion of flight {unknown}
 h - 3 potions of curing {unknown}
 k - a potion of brilliance {unknown}
Comestibles
 f - 3 rations
 o - 3 chunks of flesh


   Skills:
 - Level 2.6 Fighting
 + Level 6.0 Axes
 - Level 3.2 Armour
 - Level 3.2 Shields


You had 4 spell levels left.
You didn't know any spells.
Your spell library was empty.

Dungeon Overview and Level Annotations

Branches:
Dungeon (3/15)

Altars:


Innate Abilities, Weirdness & Mutations

You are resistant to damage.
You can heal yourself by infusing magical energy.
You passively map a small area around you.
You do not regenerate.


Message History

You barely miss the orc warrior.
The orc warrior is moderately wounded.
You block the orc warrior's attack.
You barely miss the orc warrior.
The orc warrior is moderately wounded.
You block the orc warrior's attack.
You barely miss the orc warrior.
The orc warrior is moderately wounded.
The orc warrior hits you with a +0 long sword.
You barely miss the orc warrior.
The orc warrior is moderately wounded.
The orc warrior hits you with a +0 long sword.
You closely miss the orc warrior.
The orc warrior is moderately wounded.
The orc warrior hits you with a +0 long sword!
* * * LOW HITPOINT WARNING * * *
You barely miss the orc warrior.
The orc warrior is moderately wounded.
The orc warrior hits you with a +0 long sword!
You die...

...#...####..# #.# ###.#
#....# ...#...# ##.###.#
#...# #.#... ...#####
#..##.# #.### #.#### ...#
##.##.# #.# #.##.. ####
#..#.# #.##### #.##.#
##.#.# #.....# #....#
############...# #.....#
######
#...........#[)###.....#
#...........#.@o.#.....#
#...........####.#.##'##
#........รท..# #.####.#
#........)..# #.#....#
#...........# #.##.#.#
#...........# #.##.#######
#...........####.##.......#
#....................####.#
###########.)........'....#


You could see an orc warrior.

Vanquished Creatures
  An orc wizard (D:3)
  Natasha (thrice) (D:2)
  An adder (D:2)
  A worm (D:2)
  3 dart slugs
  5 orcs
  3 bats
  A giant cockroach (D:1)
  5 goblins
  4 hobgoblins
  3 jackals
  A frilled lizard (D:1)
  4 kobolds
  4 rats (D:1)
39 creatures vanquished.

Notes
Turn   | Place    | Note
-------+----------+-------------------------------------------
     0 | D:1      | Gruesph the Deep Dwarf Fighter began the quest for the Orb.
     0 | D:1      | Reached XP level 1. HP: 20/20 MP: 1/1
   106 | D:1      | Reached skill level 3 in Axes
   121 | D:1      | Reached XP level 2. HP: 25/27 MP: 2/2
   735 | D:2      | Noticed Natasha
   748 | D:2      | Killed Natasha
   748 | D:2      | Reached skill level 4 in Axes
   748 | D:2      | Reached XP level 3. HP: 8/33 MP: 3/3
   758 | D:2      | Noticed Natasha
   765 | D:2      | Killed Natasha
   765 | D:2      | Reached XP level 4. HP: 26/40 MP: 4/4
   852 | D:2      | Noticed Natasha
   879 | D:2      | Killed Natasha
   879 | D:2      | Reached skill level 5 in Axes
  1262 | D:3      | Reached XP level 5. HP: 34/46 MP: 4/4
  1263 | D:3      | Noticed an orc warrior
  1327 | D:2      | Reached skill level 6 in Axes
  1335 | D:2      | Slain by an orc warrior

Levels and vault maps discovered:
D:1:      scummos_arrival_checkerplants, layout_basic, minmay_tree_intersection
D:2:      layout_basic, uniq_natasha
D:3:      layout_rooms, chequers_ecumenical_altar_grove,
          kennysheep_big_empty_room, grunt_decor_fettered

Skill      XL: |  1  2  3  4  5 |
---------------+----------------+-----
Axes           | 3 4 5 6 |  6.0
Fighting       | |  2.6
Armour         | |  3.2
Shields        | |  3.2

Action                   |  1- 3 |  4- 6 || total
-------------------------+-------+-------++-------
Melee: War axe           |    74 |    69 ||   143
 Abil: Heal Wounds       |     1 |     2 ||     3
  Eat: Chunk             |       |     2 ||     2
Armor: Scale mail        |    28 |    30 ||    58
Dodge: Dodged            |    25 |    22 ||    47
Block: Shield            |    31 |    32 ||    63
